 Dungeon Crawl Stone Soup version 0.22-a0-252-gcace5d2 (webtiles) character file.

86 Amnesiac the Ducker (level 4, -8/23 HPs)
             Began as a Spriggan Fighter on Mar 1, 2018.
             Mangled by Eustachio
             ... wielding a +0 rapier
              (9 damage)
             ... on level 4 of the Dungeon.
             The game lasted 00:03:14 (1552 turns).

Amnesiac the Ducker (Spriggan Fighter)              Turns: 1552, Time: 00:03:15

Health: -8/23      AC:  2    Str: 13      XL:     4   Next: 26%
Magic:  5/5        EV: 27    Int:  9      God:
Gold:   49         SH:  6    Dex: 18 (20) Spells: 3/3 levels left

rFire    . . .     SeeInvis +   a - +0 long sword
rCold    . . .     Gourm    .   c - +0 buckler
rNeg     . . .     Faith    .   b - +0 robe
rPois    .         Spirit   .   (helmet restricted)
rElec    .         Reflect  .   (no cloak)
rCorr    .         Harm     .   (gloves unavailable)
MR       .....     Rnd*Tele +   (boots unavailable)
Stlth    +++.......             (no amulet)
HPRegen  0.07/turn              x - ring of teleportation (curse)
MPRegen  0.09/turn              (no ring)

@: agile, very quick
A: very small, unfitting armour, see invisible, herbivore, speed 3, slow
metabolism 2
a: no special abilities


You were on level 4 of the Dungeon.
You were not hungry.

You visited 1 branch of the dungeon, and saw 5 of its levels.

You collected 49 gold pieces.

Inventory:

Hand Weapons
 a - a +0 long sword (weapon)
Missiles
 m - 49 stones (quivered)
 q - 31 sling bullets
Armour
 b - a +0 robe (worn)
 c - a +0 buckler (worn)
Jewellery
 x - a cursed ring of teleportation (left hand)
Wands
 v - a wand of iceblast (6)
Scrolls
 s - 2 scrolls of fear {!r}
Potions
 d - a potion of might {!q}
 g - a potion of flight {!q, unknown}
 j - a potion of heal wounds {!q, unknown}
 k - a potion of agility {!q}
 n - a potion of invisibility {!q, unknown}
 u - a potion of cancellation {!q, unknown}
Comestibles
 f - 6 rations


   Skills:
 + Level 2.7 Fighting
 - Level 2.0 Long Blades
 * Level 6.7 Dodging
 - Level 2.1 Shields


You had 3 spell levels left.
You didn't know any spells.

Dungeon Overview and Level Annotations

Branches:
Dungeon (5/15)
 Temple: D:4-7

Altars:

Annotations:
D:2 Terence
D:4 Eustachio


Innate Abilities, Weirdness & Mutations

You are very small and have problems with some larger weapons.
You are too small for most types of armour.
You have supernaturally acute eyesight. (SInv)
You are a herbivore.
You cover ground extremely quickly.
You need consume almost no food.


Message History

The quasit claws you.
* * * LOW HITPOINT WARNING * * *
The quasit misses you. You block the quokka's attack.
The white imp completely misses you.
Eustachio gestures wildly while chanting.
The quokka completely misses you. The quasit bites you.
* * * LOW HITPOINT WARNING * * *
The quasit claws you.
* * * LOW HITPOINT WARNING * * *
You feel clumsy. The quasit completely misses you.
Unknown command.
Really quaff
w - a potion of curing {!q}?
You feel better. The bat misses you. The bat barely misses you.
You riposte.
You hit the bat.
The bat is heavily wounded.
The bat barely misses you. The bat closely misses you.
You riposte.
You closely miss the bat.
The bat is heavily wounded.
The white imp gestures at you. The puff of frost misses you.
The puff of frost hits the bat.
The bat dies!
The bat's corpse disappears in a puff of smoke!
Eustachio completely misses you. The quasit completely misses you.
You block the quasit's attack. The quasit misses you. The quokka misses you.
You riposte.
You closely miss the quokka. The quokka misses you.
You hit Eustachio.
Eustachio is severely wounded.
You block the bat's attack. The white imp misses you. The quasit misses you.
You block the quasit's attack.
The quasit claws you but does no damage.
The quokka completely misses you.
You riposte.
You hit the quokka.
You kill the quokka!
The quokka's corpse disappears in a puff of smoke!
The quokka closely misses you. Eustachio hits you with a rapier.
* * * LOW HITPOINT WARNING * * *
The white imp gestures at you. The puff of frost hits you!
* * * LOW HITPOINT WARNING * * *
The quasit misses you. The quasit barely misses you.
The quasit completely misses you. You block the bat's attack.
The bat hits you but does no damage. You block the bat's attack.
Wield which item (- for none, * to show all)? (? for menu, Esc to quit)
Okay, then.
Really quaff
k - 2 inky potions {!q}?
It was a potion of agility {!q}.
You feel agile all of a sudden. The bat closely misses you.
The quokka bites you.
* * * LOW HITPOINT WARNING * * *
Eustachio mumbles some strange words.
Eustachio blinks!
Eustachio completely misses you.
You closely miss Eustachio.
Eustachio is severely wounded.
The white imp disappears in a puff of smoke!
The bat misses you. The quokka completely misses you.
You riposte.
You barely miss the quokka.
The quokka is moderately wounded.
The quasit misses you.
You riposte.
You miss the quasit.
The quasit is heavily wounded.
You block the quasit's attack. The quasit closely misses you.
Eustachio hits you with a rapier!
You die...

##..................#
#..................#
#..................#
#..................#
##.................#
#................##
#......5.........#
###......5.§......##
#.......@@rb.§..<..#
....###..........##.##
.### ##........###..#
####..#### ##.## ####
#..# ##.# ..h......#
..........#
..........#


You could see Eustachio, a quasit, a white imp, a quokka and a bat.

Vanquished Creatures
  A hound (D:4)
  An adder (D:2)
  2 worms
  2 dart slugs (D:1)
  4 orcs
  3 giant cockroaches
  2 goblins
  2 hobgoblins
  2 jackals (D:1)
  2 quokkas (D:2)
  6 bats
  2 frilled lizards
  5 kobolds
34 creatures vanquished.

Notes
Turn   | Place    | Note
-------+----------+-------------------------------------------
     0 | D:1      | Amnesiac the Spriggan Fighter began the quest for the Orb.
     0 | D:1      | Reached XP level 1. HP: 11/11 MP: 2/2
   245 | D:1      | Reached skill level 5 in Dodging
   265 | D:1      | Reached XP level 2. HP: 13/16 MP: 3/3
   393 | D:2      | Reached skill level 6 in Dodging
   696 | D:2      | Reached XP level 3. HP: 19/19 MP: 4/4
   832 | D:2      | Noticed Terence
  1031 | D:5      | Entered Level 5 of the Dungeon
  1424 | D:4      | Noticed Eustachio
  1527 | D:4      | Reached XP level 4. HP: 23/23 MP: 5/5
  1550 | D:4      | HP: 1/23 [quokka[Eustachio] (1)]
  1552 | D:4      | Mangled by Eustachio

Vault maps used:
D:1:      scummos_arrival_simple_crosswalls
D:2:      minitemple, uniq_terence
D:3:      saegor_snake_ambush
D:4:      first_ration, lemuel_angel_altar, uniq_blork_the_orc,
          uniq_crazy_yiuf_cottage, uniq_eustachio
D:5:      lemuel_round_altar, basic_altar, minmay_misc_feat_pillars,
          minmay_misc_feat_rugged

Skill      XL: |  1  2  3 |
---------------+----------+-----
Dodging        | 5 6 |  6.7
Long Blades    | 2 |  2.0
Fighting       | |  2.7
Shields        | |  2.1

Action                   |  1- 3 |  4- 6 || total
-------------------------+-------+-------++-------
Melee: Long sword        |   106 |    15 ||   121
  Use: Scroll            |    10 |       ||    10
       Potion            |       |     2 ||     2
 Stab: Sleeping          |     1 |       ||     1
Armor: Robe              |    10 |     7 ||    17
Dodge: Dodged            |   102 |    64 ||   166
Block: Buckler           |    41 |    14 ||    55
       Rpst.: Long sword |    44 |    17 ||    61

Table legend:
 A = Spawn XP
 B = Non-spawn XP
 C = Spawn XP percentage of total XP
 D = Spawn monster count
 E = Non-spawn monster count
 F = Spawn count percentage of total count
 G = Total turns spent on level
                    A         B        C        D         E        F      G
               +---------+---------+-------+---------+---------+-------+---------
         Total |       0 |     123 |   0.0 |       0 |      34 |   0.0 |  1552
               +---------+---------+-------+---------+---------+-------+---------
           D:1 |       0 |      27 |   0.0 |       0 |      14 |   0.0 |   611
           D:2 |       0 |      35 |   0.0 |       0 |      11 |   0.0 |   236
           D:3 |       0 |       4 |   0.0 |       0 |       3 |   0.0 |    97
           D:4 |       0 |      54 |   0.0 |       0 |       5 |   0.0 |   600
           D:5 |       0 |       3 |   0.0 |       0 |       1 |   0.0 |     8
               +---------+---------+-------+---------+---------+-------+---------
